 Dungeon Crawl Stone Soup version 0.30-a0-672-gc3a7216ad8 (webtiles) character file.

Game seed: 10522871067890585686

869 wormed the Covert (level 8, -6/49 HPs)
             Began as a Kobold Brigand on Jan 19, 2023.
             Mangled by a bullfrog (7 damage)
             ... on level 7 of the Dungeon.
             The game lasted 00:07:09 (4953 turns).

wormed the Covert (Kobold Brigand)                  Turns: 4953, Time: 00:07:10

Health: -6/49      AC: -1    Str:  9    XL:     8   Next: 24%
Magic:  8/8        EV: 19    Int: 12    God:
Gold:   409        SH:  0    Dex: 24    Spells: 7/7 levels left

rFire   + . .      SeeInvis .    n - +3 dagger
rCold   . . .      Faith    .    (no shield)
rNeg    . . .      Spirit   .    b - +1 robe
rPois   .          Reflect  .    (no helmet)
rElec   .          Harm     .    a - scarf {shadows}
rCorr   .          Rampage  .    (no gloves)
Will    .....                    (no boots)
Stlth   +++++                    (no amulet)
HPRegen 0.28/turn                m - +6 ring of dexterity
MPRegen 0.11/turn                o - ring of protection from fire

@: corroded, invisible
A: small, no large weapons, nightstalker 3
a: no special abilities


You were on level 7 of the Dungeon.
You visited 1 branch of the dungeon, and saw 7 of its levels.
You also visited: Ossuary.

You collected 409 gold pieces.

Inventory:

Hand Weapons
 n - a +3 dagger (weapon)
Missiles
 d - 19 poisoned darts (quivered)
 e - 2 curare-tipped darts
Armour
 a - a scarf of shadows (worn)
 b - a +1 robe (worn)
Jewellery
 c - a +6 ring of intelligence
 m - a +6 ring of dexterity (left hand)
 o - a ring of protection from fire (right hand)
Wands
 k - a wand of acid (7)
 v - a wand of flame (24)
Scrolls
 h - 2 scrolls of enchant armour
 t - 2 scrolls of identify
Potions
 f - 5 potions of curing
 g - 2 potions of invisibility
 i - 2 potions of attraction {unknown}
 j - 3 potions of degeneration {unknown}
 l - a potion of might {unknown}
 q - 3 potions of heal wounds {unknown}
 r - a potion of lignification {unknown}


   Skills:
 + Level 5.2 Fighting
 + Level 6.3 Short Blades
 - Level 2.1 Throwing
 + Level 5.3 Dodging
 + Level 8.2 Stealth


You had 7 spell levels left.
You didn't know any spells.
Your spell library contained the following spells:

 Spells                   Type           Power      Damage    Failure   Level
 Blink                    Tloc           0%         N/A       45%         2
 Manifold Assault         Tloc           0%         N/A       97%         4
 Storm Form               Tmut/Air       0%         N/A       100%        7


Dungeon Overview and Level Annotations

Branches:
Dungeon (8/15)            Ossuary (visited)
 Temple: D:4-7         Lair: D:8-11

Altars:
Dithmenos
Elyvilon
Gozag
Nemelex Xobeh
Ru

Annotations:
D:4 Grinder


Innate Abilities, Weirdness & Mutations

You are small and have problems with some larger weapons.
You are completely attuned to the shadows.


Message History

The bullfrog is severely wounded.
A wyvern comes into view.
The black bear barely misses you. The black bear closely misses you. x2
The jelly closely misses you. The orc barely misses you.
The bullfrog completely misses you.
You closely miss the bullfrog.
The bullfrog is severely wounded.
The bullfrog completely misses you.
The wyvern hisses angrily.
You puncture the bullfrog!
The bullfrog is almost dead.
The black bear bites you but does no damage.
The black bear misses you. The black bear barely misses you.
The jelly hits you.
You are splashed with acid!
The orc hits you with a +0 dagger. The bullfrog completely misses you.
You are too injured to fight recklessly!
You are too injured to fight recklessly!
You are too injured to fight recklessly!
You are too injured to fight recklessly!
You are too injured to fight recklessly!
You are too injured to fight recklessly!
You are too injured to fight recklessly!
You are too injured to fight recklessly!
The jelly hits you.
You are splashed with acid!
* * * LOW HITPOINT WARNING * * *
As you read the scroll labelled BOESHR BITUPNURU, it crumbles to dust.
You hear a loud clanging noise!
It was a scroll of noise.
You hear an angry hiss.
You hear a shout!
You hear an angry hiss.
The bullfrog barely misses you. The jelly hits you.
* * * LOW HITPOINT WARNING * * *
The acid corrodes you!
You are splashed with acid!
* * * LOW HITPOINT WARNING * * *
The orc hits you with a +0 dagger.
* * * LOW HITPOINT WARNING * * *
A wight comes into view. It is wielding a +4 falchion.
The bullfrog barely misses you.
You fade into invisibility!
The bullfrog hits you!
You die...

.......
.<.z...
..)h)..
..JFo...
..l@....
........
........
...#....
.####..#.
.........
.........
.........
.........


You could see a black bear (unable to see you), a wyvern (unable to see you), a
bullfrog (unable to see you), a jelly, a wight (unable to see you) and an orc
(unable to see you).

Vanquished Creatures
  A phantom (D:4)
  An elf zombie (Ossuary)
  4 scorpions
  A centaur zombie (Ossuary)
  4 human zombies (Ossuary)
  Terence (D:3)
  4 orc wizards
  3 mummies (Ossuary)
  7 adders
  5 adder zombies (Ossuary)
  5 dart slugs
  7 orcs
  7 bats
  6 endoplasms
  2 giant cockroaches
  7 goblins
  8 hobgoblins
  11 kobolds
  2 quokkas
  7 ball pythons
  2 frilled lizards
  2 gnoll zombies (Ossuary)
  3 goblin zombies (Ossuary)
  4 hobgoblin zombies (Ossuary)
  2 jackal zombies (Ossuary)
  3 kobold zombies (Ossuary)
  2 orc zombies (Ossuary)
  2 quokka zombies (Ossuary)
  4 rats
  2 rat zombies (Ossuary)
119 creatures vanquished.

Vanquished Creatures (others)
  A demonic plant (D:1)
  2 fungi (D:1)
  2 plants (D:1)
5 creatures vanquished.

Grand Total: 124 creatures vanquished

Notes
Turn   | Place    | Note
-------+----------+-------------------------------------------
     0 | D:1      | wormed the Kobold Brigand began the quest for the Orb.
     0 | D:1      | Reached XP level 1. HP: 12/12 MP: 1/1
   221 | D:1      | Reached XP level 2. HP: 12/18 MP: 2/2
   491 | D:1      | Reached XP level 3. HP: 22/22 MP: 3/3
   982 | D:1      | Found a faded altar of an unknown god.
  1297 | D:2      | Found a white marble altar of Elyvilon.
  1494 | D:2      | Reached XP level 4. HP: 27/27 MP: 4/4
  1688 | D:3      | Reached skill level 6 in Stealth
  1724 | D:2      | Reached XP level 5. HP: 17/32 MP: 5/5
  2274 | D:3      | Noticed Terence
  2288 | D:3      | Killed Terence
  2715 | D:3      | Found an opulent altar of Gozag.
  3002 | D:4      | Found a sand-covered staircase.
  3011 | Ossuary  | Entered an ossuary
  3030 | Ossuary  | Reached XP level 6. HP: 37/37 MP: 6/6
  3333 | Ossuary  | Reached skill level 5 in Short Blades
  3333 | Ossuary  | Reached skill level 7 in Stealth
  3452 | Ossuary  | Reached XP level 7. HP: 43/43 MP: 7/7
  3631 | D:4      | Found a sparkling altar of Nemelex Xobeh.
  3635 | D:4      | Found a sacrificial altar of Ru.
  4291 | D:4      | Noticed Grinder
  4302 | D:4      | Paralysed by Grinder for 3 turns
  4317 | D:5      | Entered Level 5 of the Dungeon
  4539 | D:5      | Found a shadowy altar of Dithmenos.
  4610 | D:5      | Reached XP level 8. HP: 48/48 MP: 8/8
  4613 | D:5      | Reached skill level 5 in Fighting
  4613 | D:5      | Reached skill level 5 in Dodging
  4613 | D:5      | Reached skill level 8 in Stealth
  4818 | D:5      | You fall into a shaft and drop 3 floors!
  4948 | D:7      | Noticed a wyvern
  4952 | D:7      | HP: 1/49 [orc/+0 dagger (2)]
  4953 | D:7      | Mangled by a bullfrog

Illustrated notes

Levels and vault maps discovered:
D:1:      onia_arrival_pentagram, layout_basic, shapermc_ecumenical_altar_gd,
          minivault_24
D:2:      layout_basic, basic_altar
D:3:      layout_basic, nicolae_gozag_cash_rules_everything_around_me,
          nicolae_underground_beach, uniq_terence
D:4:      layout_basic, gammafunk_temple_of_torment,
          chequers_temple_overflow_statue_of_worship,
          lightli_ossuary_entry_decrepit_ruins, uniq_grinder
D:5:      layout_loops_ring, marbit_many_paths
D:7:      layout_rooms, serial_shops, nicolae_shop_waterfront
D:8:      layout_rooms

Skill      XL: |  1  2  3  4  5  6  7  8 |
---------------+-------------------------+-----
Short Blades   | 3 4 5 6 |  6.3
Dodging        | 2 3 4 5 |  5.3
Fighting       | 3 4 5 |  5.2
Stealth        | 6 7 8 |  8.2
Throwing       | |  2.1

Action                   |  1- 3 |  4- 6 |  7- 9 || total
-------------------------+-------+-------+-------++-------
Melee: Dagger            |    81 |   202 |    66 ||   349
       Punch             |     2 |     1 |     2 ||     5
Throw: Dart              |       |     1 |     5 ||     6
  Use: Scroll            |     3 |     4 |     6 ||    13
       Potion            |       |       |     1 ||     1
 Stab: Sleeping          |    20 |    31 |    15 ||    66
Armor: Robe              |     3 |    36 |     5 ||    44
Dodge: Dodged            |    30 |    87 |    60 ||   177

Table legend: (Time is in decaauts)
 A = Elapsed time spent in this place.
 B = Non-inter-level travel time spent in this place.
 C = Inter-level travel time spent in this place.
 D = Time resting spent in this place.
 E = Time spent auto-exploring this place.
 F = Levels seen in this place.
 G = Mean time per level.
                   A        B        C        D        E       F      G
               +--------+--------+--------+--------+--------+-----+--------+
         Total |   4876 |   4749 |    127 |      2 |   3888 |   8 |  609.5 |
       Dungeon |   4400 |   4273 |    127 |      2 |   3582 |   7 |  628.6 |
       Ossuary |    475 |    475 |      0 |      0 |    306 |   1 |  475.0 |
               +--------+--------+--------+--------+--------+-----+--------+

Top non-repeatable levels by time:
     D:1: 1157 daAuts
     D:3: 1070 daAuts
     D:4: 895 daAuts
     D:2: 649 daAuts
     D:5: 498 daAuts
 Ossuary: 475 daAuts
     D:7: 101 daAuts
     D:8: 27 daAuts
